 Dungeon Crawl Stone Soup version 0.26-a0-58-g79b31b8662 (webtiles) character file.

Game seed: 7610079847810011752

46 Gargoyl the Skirmisher (level 3, -1/31 HPs)
             Began as a Centaur Abyssal Knight on June 8, 2020.
             Was a Believer of Lugonu.
             Slain by an adder (5 damage)
             ... on level 1 of the Dungeon.
             The game lasted 00:02:02 (1818 turns).

Gargoyl the Skirmisher (Centaur Abyssal Knight)     Turns: 1818, Time: 00:02:03

Health: -1/31      AC:  4    Str: 14    XL:     3   Next: 46%
Magic:  4/4        EV:  9    Int: 11    God:    Lugonu [**....]
Gold:   26         SH:  0    Dex:  9    Spells: 2/2 levels left

rFire    . . .     SeeInvis .   a - +3 hand axe
rCold    . . .     Gourm    .   (no shield)
rNeg     . . .     Faith    .   b - +0 leather armour
rPois    +         Spirit   .   (no helmet)
rElec    .         Reflect  .   (no cloak)
rCorr    .         Harm     .   (no gloves)
MR       +....                  (no barding)
Stlth    ..........             (no amulet)
HPRegen  0.10/turn              (no ring)
MPRegen  0.09/turn              (no ring)

@: brilliant, lethally poisoned (-1 -> -6), very quick
A: large, hooves 3, deformed body, deterioration 1, speed 2, magic resistance 1,
poison resistance, tough skin 3
a: Depart the Abyss, Bend Space, Renounce Religion


You were on level 1 of the Dungeon.
You worshipped Lugonu.
Lugonu was pleased with you.
You were not hungry.

You visited 1 branch of the dungeon, and saw 2 of its levels.
You visited the Abyss 1 time.

You collected 26 gold pieces.

Inventory:

Hand Weapons
 a - a +3 hand axe (weapon)
Armour
 b - a +0 leather armour (worn)
Scrolls
 e - a scroll of identify {unknown}
Comestibles
 c - 5 rations
 f - 6 chunks of flesh


   Skills:
 + Level 3.3 Fighting
 + Level 2.1 Axes
 * Level 2.0 Armour
 * Level 1.1 Dodging
 * Level 2.4 Invocations


You had 2 spell levels left.
You didn't know any spells.
Your spell library was empty.

Dungeon Overview and Level Annotations

Branches:
Dungeon (2/15)

Altars:

Annotations:
D:2 Sigmund


Innate Abilities, Weirdness & Mutations

You have hooves in place of feet.
Armour fits poorly on your strangely shaped body.
You cover ground very quickly.
You have extremely tough skin. (AC +3)
Your body sometimes deteriorates upon taking damage.
You are resistant to hostile enchantments. (MR+)
Your system is resistant to poisons. (rPois)


Message History

You climb upwards.
Reactivating autopickup.
There is a stone staircase leading down here.
It was a potion of brilliance.
You feel clever all of a sudden.
You feel sick. The adder bites you.
You are more poisoned.
The adder poisons you! The adder closely misses you.
It was a potion of mutation.
You feel extremely strange.
You feel yourself wasting away.
You feel resistant to hostile enchantments.
You feel resistant to poisons.
You feel sick. The adder barely misses you.
You feel sick.
You feel sick.
You feel sick.
The adder enters a dispersal trap!
You blink.
The adder blinks!
You closely miss the adder. Your kick misses the adder. The adder bites you.
* * * LOW HITPOINT WARNING * * *
The adder bites you.
You die...

...#
#..###........≈≈§......####
#### ##......(......§.......##
# # ######.#......≈........###
# #.#.............#.##. #######
#.#.#..###.###.......
......#######.#.#.##
##.#.(......
.............#.>#.# #.......###
#####.#####.#.##..#####.##...##
# #.# #.#...@.....#.##...# #
#.# #.#...S...§...##...# # #.#
##.#..#.####§####...# #
#.####.#...#.# #.# #...# #
#.....###....# #.####...# #
######.#.....####........# #
#............[####..# #
#.#.........#.......# #
#....)........##...##


You could see an adder.

Vanquished Creatures
  An ooze (D:2)
  A dart slug (D:1)
  A leopard gecko (D:1)
  A ball python (D:1)
  A bat (D:1)
  3 giant cockroaches (D:1)
  7 goblins
  4 hobgoblins
  5 jackals (D:1)
  3 kobolds (D:1)
  3 frilled lizards
  5 rats (D:1)
35 creatures vanquished.

Notes
Turn   | Place    | Note
-------+----------+-------------------------------------------
     0 | Abyss:1  | Gargoyl the Centaur Abyssal Knight began the quest for the
                  | Orb.
     0 | Abyss:1  | Reached XP level 1. HP: 19/19 MP: 2/2
    53 | Abyss:1  | Noticed a sixfirhy
    55 | D:1      | Escaped the Abyss
   472 | D:1      | Reached * piety under Lugonu
   476 | D:1      | Reached XP level 2. HP: 12/26 MP: 3/3
  1040 | D:1      | Reached skill level 1 in Dodging
  1400 | D:1      | Reached XP level 3. HP: 31/31 MP: 4/4
  1755 | D:2      | Reached ** piety under Lugonu
  1786 | D:2      | Noticed Sigmund
  1810 | D:1      | Gained mutation: Your body sometimes deteriorates upon
                  | taking damage. [potion of mutation]
  1810 | D:1      | Gained mutation: You are resistant to hostile enchantments.
                  | (MR+) [potion of mutation]
  1810 | D:1      | Gained mutation: Your system is resistant to poisons.
                  | (rPois) [potion of mutation]
  1818 | D:1      | Slain by an adder

Illustrated notes

Levels and vault maps discovered:
D:1:      onia_arrival_pentagram, layout_loops_ring
D:2:      layout_basic, marbit_many_paths, hangedman_abyss_or_decor_lesser_grid,
          uniq_terence, uniq_sigmund

Skill      XL: |  1  2  3 |
---------------+----------+-----
Dodging        | 1 |  1.1
Axes           | 2 |  2.1
Armour         | 2 |  2.0
Fighting       | |  3.3
Invocations    | |  2.4

Action                   || total
-------------------------++-------
Melee: Hand axe          ||    84
       Kick              ||     8
Invok: Depart the Abyss  ||     1
  Use: Scroll            ||     3
       Potion            ||     2
  Eat: Chunk             ||     2
Armor: Leather armour    ||    43
Dodge: Dodged            ||    48

Table legend:
 A = Non-vault XP
 B = Vault XP
 C = Vault XP percentage of total XP
 D = Non-vault monster count
 E = Vault monster count
 F = Vault count percentage of total count
                 A         B        C        D         E       F
            +---------+---------+-------+---------+---------+-------
      Total |      67 |       0 |   0.0 |      35 |       0 |   0.0
            +---------+---------+-------+---------+---------+-------
        D:1 |      53 |       0 |   0.0 |      30 |       0 |   0.0
        D:2 |      14 |       0 |   0.0 |       5 |       0 |   0.0
            +---------+---------+-------+---------+---------+-------
